 Dungeon Crawl Stone Soup version 0.16.0-17-g811c1d7 (webtiles) character file.

202447 datmedicine the Bludgeoner (level 18, -15/105 HPs)
             Began as a Gargoyle Fighter on Mar 20, 2015.
             Was the Champion of Ru.
             Blown up by an eye of devastation (43 damage)
             ... with a bolt of energy
             ... on level 6 of the Pits of Slime on Mar 21, 2015.
             The game lasted 03:22:55 (21369 turns).

datmedicine the Bludgeoner (Gargoyle Fighter)      Turns: 21369, Time: 03:22:56

Health: -15/105    AC: 22    Str: 28    XL:     18   Next: 7%
Magic:  16/16      EV: 10    Int:  9    God:    Ru [******]
Gold:   2023       SH: 14    Dex: 11    Spells: 4 memorised, 9 levels left

rFire  . . .     SeeInvis .     u - +2 flail (holy)
rCold  + . .     Clarity  .     X - +3 ring mail "Dock" {Regen+ rCorr}
rNeg   + . .     SustAb   .     W - +0 shield {reflect}
rPois  ∞         Gourm    .     v - +1 helmet
rElec  +         Spirit   .     y - +1 cloak
rCorr  +         Warding  .     a - +1 pair of gloves
rMut   .         Stasis   .     f - +1 pair of boots
MR     +....                    o - amulet of regeneration
Stlth  ..........               V - +4 ring of strength
                                z - ring of protection from cold

@: exhausted, corroded equipment, drained, somewhat resistant to hostile
enchantments, extremely unstealthy
A: able to fly continuously, big wings, agile 1, deformed body, deterioration 2,
frail 1, low mp 1, negative energy resistance 1, electricity resistance, weak 2,
unbreathing, petrification resistance, no device heal 1, rot immunity, placid
magic 1, inability to use devices, hated by all, no air magic, no charms magic,
no necromancy magic, MP-powered wands 2, inexperienced 1, AC +13
a: Fly, Draw Out Power, Power Leap, Apocalypse, Renounce Religion
}: 2/15 runes: decaying, gossamer


You were on level 6 of the Pits of Slime.
You worshipped Ru.
Ru was exalted by your worship.
You were not hungry.

You visited 6 branches of the dungeon, and saw 35 of its levels.
You also visited: Labyrinth.

You collected 2023 gold pieces.

Inventory:

Hand weapons
 u - a +2 flail of holy wrath (weapon)
 O - a +0 war axe
 R - the +5 glaive of the Red Skies {drain, +Rage}
   (You found it in a labyrinth)

   A truly terrible weapon, it drains the life of those it strikes.
   It lets you go berserk.
Missiles
 T - 5 javelins (quivered)
Armour
 a - a +1 pair of gloves (worn)
 f - a +1 pair of boots (worn)
 q - the +0 ring mail of Myxzaxke {rF+ Str+4}
   (You found it on level 7 of the Dungeon)

   It affects your strength (+4).
   It protects you from fire.
 v - a +1 helmet (worn)
 y - a +1 cloak (worn)
 W - a +0 shield of reflection (worn)
 X - the +3 ring mail "Dock" (worn) {Regen+ rCorr}
   (You found it on level 2 of the Spider Nest)

   It increases your rate of regeneration.
   It protects you from acid and corrosion.
 Y - a +2 hat
Jewellery
 h - an uncursed amulet of warding
 l - an uncursed ring of positive energy
 o - an amulet of regeneration (around neck)
 z - a ring of protection from cold (left hand)
 B - an uncursed ring of ice
 V - a +4 ring of strength (right hand)
Scrolls
 b - 3 scrolls of magic mapping
 i - 6 scrolls of enchant weapon
 j - 6 scrolls of teleportation
 r - a scroll of holy word
 s - 7 scrolls of identify
 x - 7 scrolls of remove curse
 A - 3 scrolls of immolation
 I - 6 scrolls of enchant armour
 L - a scroll of fear
 M - 2 scrolls of amnesia
 Q - a scroll of blinking
Potions
 e - 3 potions of might
 k - 2 potions of berserk rage
 m - 5 potions of ambrosia
 p - a potion of invisibility
 C - 3 potions of restore abilities
 D - 2 potions of brilliance
 H - a potion of magic
 J - 2 potions of mutation
 K - 5 potions of haste
 N - a potion of agility
 P - 7 potions of curing
Books
 c - a book of Transfigurations

   Spells                             Type                      Level
   a - Stoneskin                      Transmutation/Earth          2
   b - Irradiate                      Conjuration/Transmutation    5
   c - Statue Form                    Transmutation/Earth          6
   d - Hydra Form                     Transmutation                6
   e - Dragon Form                    Transmutation                7
 t - a book of Spatial Translocations

   Spells                             Type                      Level
   a - Apportation                    Translocation                1
   b - Blink                          Translocation                2
   c - Shroud of Golubria             Charms/Translocation         2
   d - Portal Projectile              Translocation                3
   e - Teleport Other                 Translocation                3
   f - Passage of Golubria            Translocation                4
 E - a book of the Warp

   Spells                             Type                      Level
   a - Recall                         Summoning/Translocation      3
   b - Control Teleport               Charms/Translocation         4
   c - Force Lance                    Conjuration/Translocation    4
   d - Phase Shift                    Translocation                5
   e - Warp Weapon                    Charms/Translocation         5
   f - Gell's Gravitas                Hexes/Translocation          5
   g - Summon Forest                  Summoning/Translocation      5
 F - a book of the Sky

   Spells                             Type                      Level
   a - Flight                         Charms/Air                   3
   b - Airstrike                      Air                          4
   c - Silence                        Hexes/Air                    5
   d - Deflect Missiles               Charms/Air                   6
   e - Conjure Ball Lightning         Conjuration/Air              6
   f - Tornado                        Air                          9
 G - the Guide on Transmigration and the Rocks
   (You found it in a labyrinth)

   Spells                             Type                      Level
   a - Passwall                       Transmutation/Earth          3
   b - Ice Form                       Ice/Transmutation            4
   c - Petrify                        Transmutation/Earth          4
   d - Shatter                        Earth                        9
 U - the Volume of Fire and Battle Magic
   (You found it on level 8 of the Lair of Beasts)

   Spells                             Type                      Level
   a - Flame Tongue                   Conjuration/Fire             1
   b - Bolt of Magma                  Conjuration/Fire/Earth       5
   c - Ignite Poison                  Fire/Transmutation           5
   d - Ring of Flames                 Charms/Fire                  7
Comestibles
 d - 7 bread rations
 g - 11 meat rations
 n - 4 beef jerkies
 w - 24 royal jellies


   Skills:
 - Level 14.6(14.2) Fighting
 - Level 6.3(12.2) Axes
 - Level 16.8 Maces & Flails
 - Level 6.4(7.2) Polearms
 - Level 14.5(14.0) Armour
 + Level 15.2(14.7) Shields
 - Level 7.1(6.8) Translocations
 - Level 3.4(3.1) Earth Magic


You had 9 spell levels left.
You knew the following spells:

 Your Spells              Type           Power        Failure   Level  Hunger
a - Blink                 Tloc           N/A          3%          2    ###....
b - Teleport Other        Tloc           #.......     5%          3    ####...
c - Apportation           Tloc           #.........   1%          1    ##.....
d - Stoneskin             Trmt/Erth      #.......     30%         2    ###....


Dungeon Overview and Level Annotations

Branches:
Dungeon (10/15)            Temple (1/1) D:5            Lair (8/8) D:9
  Swamp (5/5) Lair:6       Spider (5/5) Lair:6        Slime (6/6) Lair:6
    Orc: D:9-12

Altars:
Ashenzari
Cheibriados
Dithmenos
Elyvilon
Fedhas
Gozag
Kikubaaqudgha
Makhleb
Nemelex Xobeh
Okawaru
Qazlal
Ru
Sif Muna
Vehumet
Xom
Yredelemnul
Zin
The Shining One

Shops:
D:9 [

Annotations:
D:5 Dowan, Duvessa
D:8 Erolcha
Swamp:3 exclusion: Roxanne, Roxanne


Innate Abilities, Weirdness & Mutations

You are resistant to torment.
You are immune to poison.
You can fly continuously.
Your stone body is very resilient (AC +13).
Your wings are large and strong.
Your magical capacity is low (-10% MP).
You resist negative energy.
You are resistant to electric shocks.
You can survive without breathing.
You are immune to petrification.
Potions and wands are less effective at restoring your health.
You are immune to rotting.
You cannot study or use magical devices.
You are hated by all.
You cannot study or cast Air magic.
You cannot study or cast Charms magic.
You cannot study or cast Necromancy magic.
You are somewhat inexperienced (-2 XL).
You are agile. (Dex +2)
Armour fits poorly on your strangely shaped body.
Your body is deteriorating.
You are frail (-10% HP).
You are very weak. (Str -4)
Your spells are a little easier to cast, but a little less powerful.
You expend magic power (6 MP) to strengthen your wands.


Message History

You hit the eye of devastation but do no damage.
The eye of devastation is moderately wounded.
You hit the eye of devastation but do no damage.
The eye of devastation is moderately wounded.
You block the jelly's attack.
An eye of devastation comes into view.
The eye of devastation turns its gaze towards you.
The eye of devastation gazes at you.
The bolt of energy hits the jelly.
The jelly is blown up!
The bolt of energy hits you!
* * * LOW HITPOINT WARNING * * *
You focus your will and slow the eye of devastation in retribution!
The eye of devastation gazes at you. The bolt of energy hits you!
* * * LOW HITPOINT WARNING * * *
The acid blob is no longer paralysed.
The eye of devastation gazes at you. The bolt of energy hits you!
You die...

##......#....##
#..............##
........<.......#
.................#
...................
...................
...................
.....................
.........@...........
.....................
.....G..............
....................
....................
...................
..................
........GJ.......
.................


You could see an acid blob and 2 eyes of devastation.

Vanquished Creatures
  2 acid blobs
  A thorn hunter (Swamp:5)
  An azure jelly (Slime:5)
  3 ghost moths (Spider:5)
  Donald (Swamp:4)
  Aizul (Spider:5)
  5 emperor scorpions
  A minotaur (Lab)
  A ghost crab (Swamp:4)
  Harold (Lair:5)
  23 hydras
  6 alligators
  6 swamp dragons
  A giant orange brain (Slime:4)
  3 shambling mangroves
  27 wolf spiders
  22 orb spiders
  4 griffons
  5 shining eyes
  7 hornets
  18 elephants
  2 black mambas
  Joseph (D:9)
  2 torpor snails (Spider:1)
  5 komodo dragons
  An eye of devastation (Slime:3)
  15 spiny frogs
  A fire drake (Lair:8)
  6 demonic crawlers
  2 queen bees
  2 spriggan druids (Lair:8)
  8 polar bears (Lair:8)
  The ghost of Nefaurd the Covert, an average NaAs (D:4)
  37 slime creatures
  27 jumping spiders
  Grinder (D:5)
  A wandering mushroom (Lair:7)
  9 giant leeches
  A troll (D:8)
  A two-headed ogre (D:9)
  18 ravens
  4 bog bodies
  A basilisk (Lair:7)
  20 blink frogs
  17 spriggans
  26 trapdoor spiders
  47 redbacks
  19 tarantellas
  6 hippogriffs
  A hungry ghost (D:10)
  32 yaks
  24 wolves
  10 swamp worms
  A steam dragon (D:10)
  Edmund (D:5)
  13 insubstantial wisps
  11 vampire mosquitoes
  Menkaure (D:6)
  19 water moccasins
  2 orc warriors (D:9)
  9 porcupines
  12 swamp drakes
  10 wasps
  12 spiders
  6 black bears (Lair:8)
  2 phantoms
  12 crocodiles
  2 sky beasts
  3 centaurs
  5 eyes of draining
  6 boring beetles
  3 ogres
  Sigmund (D:4)
  A big kobold (D:9)
  A gnoll sergeant (D:7)
  14 giant frogs
  44 killer bees
  10 jellies
  5 scorpions
  A water moccasin skeleton (D:5)
  2 spriggan skeletons (Lab)
  6 electric eels
  3 wights (D:9)
  5 crimson imps
  4 goliath beetles
  A centaur zombie (D:9)
  3 centaur skeletons
  5 hounds
  3 orc wizards
  Crazy Yiuf (D:5)
  3 orc priests
  2 giant frog skeletons
  9 worker ants
  4 iguanas
  6 hell rats (Lair:7)
  37 sheep
  2 hound zombies
  3 gnolls (D:7)
  8 adders
  43 river rats
  2 shadow imps
  A giant mite (D:2)
  An adder zombie (D:9)
  4 giant geckos
  28 orcs
  2 bat skeletons
  A giant cockroach (D:2)
  8 goblins
  8 hobgoblins
  4 jackals
  12 quokkas
  A ball python (D:6)
  6 bats
  A giant gecko skeleton (D:9)
  4 giant newts
  10 kobolds
  12 rats
  2 briar patches
  3 fungi
  9 plants
963 creatures vanquished.

Vanquished Creatures (others)
  A thorn hunter (Swamp:4)
  A hydra (Lair:8)
  A hornet (Spider:5)
  A wolf spider (Spider:5)
  2 spiny frogs
  A giant leech (Swamp:5)
  A jumping spider (Spider:2)
  A trapdoor spider (Spider:3)
  2 insubstantial wisps (Swamp:2)
  2 swamp worms
  A wolf (Lair:8)
  A crocodile (Swamp:4)
  4 killer bees
  A jelly (Slime:6)
  A giant spore (D:6)
  A briar patch (Swamp:4)
  A bush (Lair:8)
  4 fungi
  6 plants
33 creatures vanquished.

Grand Total: 996 creatures vanquished

Notes
Turn   | Place    | Note
--------------------------------------------------------------
     0 | D:1      | datmedicine, the Gargoyle Fighter, began the quest for the Orb.
     0 | D:1      | Reached XP level 1. HP: 14/14 MP: 1/1
    97 | D:2      | Reached XP level 2. HP: 19/19 MP: 2/2
   153 | D:2      | Reached XP level 3. HP: 23/23 MP: 3/3
   309 | D:3      | Reached skill level 4 in Maces & Flails
   337 | D:4      | Found a snail-covered altar of Cheibriados.
   346 | D:4      | Noticed Sigmund
   391 | D:4      | Found an iron altar of Okawaru.
   450 | D:5      | Entered Level 5 of the Dungeon
   719 | D:5      | Reached XP level 4. HP: 28/28 MP: 4/4
   757 | D:5      | Reached skill level 5 in Maces & Flails
   757 | D:5      | Reached XP level 5. HP: 28/32 MP: 5/5
   786 | D:5      | Noticed a sky beast
   802 | D:5      | Killed a sky beast
   802 | D:5      | Reached skill level 6 in Maces & Flails
   802 | D:5      | Reached XP level 6. HP: 34/37 MP: 6/6
   817 | D:5      | Noticed Duvessa
   817 | D:5      | Noticed Dowan
  1162 | D:6      | Reached skill level 7 in Maces & Flails
  1203 | D:6      | Found a shadowy altar of Dithmenos.
  1240 | D:6      | Reached XP level 7. HP: 31/41 MP: 7/7
  1384 | D:7      | Got a shimmering ring mail
  1395 | D:7      | Identified the cursed +0 ring mail of Myxzaxke {rF+ Str+4} (You found it on level 7 of the Dungeon)
  1632 | D:7      | Reached skill level 8 in Maces & Flails
  1905 | D:6      | Reached skill level 9 in Maces & Flails
  1905 | D:6      | Reached XP level 8. HP: 46/46 MP: 8/8
  1989 | D:6      | Noticed Menkaure
  1998 | D:6      | Killed Menkaure
  2040 | D:6      | Reached skill level 10 in Maces & Flails
  2207 | D:5      | Found a burning altar of Makhleb.
  2209 | D:5      | Noticed Edmund
  2216 | D:5      | Killed Edmund
  2312 | D:5      | Noticed Crazy Yiuf
  2316 | D:5      | Killed Crazy Yiuf
  2440 | D:4      | Noticed Nefaurd's ghost (average NaAs)
  2451 | D:4      | Killed Nefaurd's ghost
  2451 | D:4      | Reached skill level 11 in Maces & Flails
  2451 | D:4      | Reached XP level 9. HP: 48/51 MP: 9/9
  2503 | D:4      | Killed Sigmund
  2709 | D:4      | Found a deep blue altar of Sif Muna.
  2885 | D:5      | Noticed Grinder
  2892 | D:5      | Killed Grinder
  2971 | D:5      | Noticed an ice beast
  2972 | D:5      | Found a staircase to the Ecumenical Temple.
  2981 | Temple   | Entered the Ecumenical Temple
  3023 | Temple   | Became a worshipper of Ru the Awakened
  3458 | D:7      | Reached skill level 12 in Maces & Flails
  3484 | D:8      | Noticed Erolcha
  3566 | D:8      | Found a deep blue altar of Sif Muna.
  4107 | D:8      | Reached skill level 13 in Maces & Flails
  4150 | D:9      | Reached XP level 10. HP: 26/56 MP: 10/10
  4194 | D:9      | Found an ancient bone altar of Kikubaaqudgha.
  4230 | D:9      | Gained mutation: You cannot study or use magical devices. [Ru sacrifice]
  4230 | D:9      | Acquired Ru's first power
  4230 | D:9      | Acquired Ru's second power
  4230 | D:9      | Acquired Ru's third power
  4288 | D:9      | Reached skill level 14 in Maces & Flails
  4407 | D:9      | Found a staircase to the Lair.
  4492 | D:9      | Found Mowum's Armour Boutique.
  4697 | D:9      | Reached skill level 15 in Maces & Flails
  4844 | D:9      | Noticed Joseph
  4860 | D:9      | Killed Joseph
  5127 | D:10     | Entered Level 10 of the Dungeon
  5144 | D:10     | Reached XP level 11. HP: 53/60 MP: 11/11
  5191 | D:10     | Noticed a hill giant
  5248 | Lair:1   | Entered Level 1 of the Lair of Beasts
  5382 | Lair:1   | Reached skill level 16 in Maces & Flails
  5647 | Lair:1   | Noticed a five-headed hydra
  5677 | Lair:1   | Killed a five-headed hydra
  5755 | Lair:1   | Gained mutation: Potions and wands are less effective at restoring your health. [Ru sacrifice]
  6276 | Lair:2   | Noticed a four-headed hydra
  6284 | Lair:2   | Killed a four-headed hydra
  6284 | Lair:2   | Reached skill level 5 in Armour
  6553 | Lair:2   | Reached XP level 12. HP: 59/64 MP: 12/12
  6880 | Lair:3   | Noticed an eight-headed hydra
  6896 | Lair:3   | Killed an eight-headed hydra
  7310 | Lair:4   | Gained mutation: You are somewhat inexperienced (-2 XL). [Ru sacrifice]
  7310 | Lair:4   | Reached XP level 11. HP: 60/60 MP: 11/11
  7310 | Lair:4   | Reached XP level 10. HP: 56/56 MP: 10/10
  7310 | Lair:4   | Acquired Ru's fourth power
  7310 | Lair:4   | Acquired Ru's fifth power
  7379 | Lair:4   | Reached skill level 10 in Armour
  7873 | Lair:4   | Noticed a griffon
  7900 | Lair:4   | Killed a griffon
  7900 | Lair:4   | Reached XP level 11. HP: 52/60 MP: 11/11
  8364 | Lair:5   | Noticed Harold
  8371 | Lair:5   | Killed Harold
  8543 | Lair:5   | Gained mutation: You are hated by all. [Ru sacrifice]
  8630 | Lair:5   | Noticed a seven-headed hydra
  8647 | Lair:5   | Killed a seven-headed hydra
  8829 | Lair:5   | Noticed a black mamba
  8836 | Lair:5   | Killed a black mamba
  8914 | Lair:5   | Noticed an elephant
  8914 | Lair:5   | Noticed an elephant
  8914 | Lair:5   | Noticed an elephant
  8915 | Lair:5   | Noticed an elephant
  8915 | Lair:5   | Noticed an elephant
  8916 | Lair:5   | Noticed an elephant
  8922 | Lair:5   | Killed an elephant
  8924 | Lair:5   | Killed an elephant
  8926 | Lair:5   | Killed an elephant
  8929 | Lair:5   | Killed an elephant
  8951 | Lair:5   | Killed an elephant
  8953 | Lair:5   | Killed an elephant
  8976 | Lair:5   | Noticed an elephant
  8977 | Lair:5   | Noticed an elephant
  8977 | Lair:5   | Noticed an elephant
  8978 | Lair:5   | Noticed an elephant
  8979 | Lair:5   | Noticed an elephant
  8979 | Lair:5   | Killed an elephant
  8983 | Lair:5   | Killed an elephant
  8983 | Lair:5   | Reached skill level 5 in Fighting
  8986 | Lair:5   | Killed an elephant
  8991 | Lair:5   | Killed an elephant
  8997 | Lair:5   | Killed an elephant
  8997 | Lair:5   | Reached XP level 12. HP: 68/68 MP: 3/12
  9015 | Lair:5   | Noticed an elephant
  9023 | Lair:5   | Killed an elephant
  9258 | Lair:6   | Found a staircase to the Swamp.
  9457 | Lair:6   | Found a hole to the Spider Nest.
  9537 | Lair:6   | Reached skill level 5 in Shields
  9639 | Lair:6   | Found a staircase to the Slime Pits.
  9712 | Swamp:1  | Entered Level 1 of the Swamp
  9712 | Swamp:1  | Noticed a five-headed hydra
  9741 | Swamp:1  | Killed a five-headed hydra
 10014 | Swamp:1  | Noticed a five-headed hydra
 10023 | Swamp:1  | Killed a five-headed hydra
 10146 | Swamp:1  | Noticed an alligator
 10152 | Swamp:1  | Killed an alligator
 10334 | Swamp:2  | Noticed an eight-headed hydra
 10342 | Swamp:2  | Killed an eight-headed hydra
 10342 | Swamp:2  | Reached XP level 13. HP: 77/80 MP: 13/13
 10490 | Swamp:2  | Noticed an eight-headed hydra
 10493 | Swamp:2  | Noticed an eight-headed hydra
 10503 | Swamp:2  | Killed an eight-headed hydra
 10503 | Swamp:2  | Reached skill level 10 in Fighting
 10508 | Swamp:2  | HP: 1/82 [spriggan rider/spear[the player character] (5)]
 10643 | Swamp:2  | Noticed an alligator
 10659 | Swamp:2  | Killed an alligator
 10715 | Swamp:3  | Noticed Roxanne
 11228 | Swamp:4  | Noticed Donald
 11245 | Swamp:4  | Killed Donald
 11318 | Swamp:4  | Noticed a thorn hunter
 11332 | Swamp:4  | Killed a thorn hunter
 11619 | Swamp:4  | Gained mutation: Your wings are large and strong. [gargoyle growth]
 11619 | Swamp:4  | Reached XP level 14. HP: 57/92 MP: 14/14
 11829 | Swamp:4  | Noticed a thorn hunter
 11838 | Swamp:5  | Entered Level 5 of the Swamp
 12115 | Swamp:5  | Gained mutation: You cannot study or cast Air magic. [Ru sacrifice]
 12115 | Swamp:5  | Gained mutation: You cannot study or cast Necromancy magic. [Ru sacrifice]
 12115 | Swamp:5  | Gained mutation: You cannot study or cast Charms magic. [Ru sacrifice]
 12175 | Swamp:5  | Reached skill level 10 in Shields
 12390 | Swamp:5  | Noticed a thorn hunter
 12408 | Swamp:5  | Killed a thorn hunter
 12656 | Swamp:5  | Got a decaying rune of Zot
 12741 | Swamp:5  | Learned a level 2 spell: Blink
 12815 | Swamp:5  | Reached skill level 1 in Translocations
 13348 | Spider:1 | Entered Level 1 of the Spider Nest
 13682 | Spider:1 | Reached XP level 15. HP: 44/96 MP: 12/15
 13707 | Spider:1 | HP: 3/96 [disintegration (51)]
 13979 | Spider:1 | Reached XP level 16. HP: 101/101 MP: 16/16
 14043 | Spider:1 | Gained mutation: Your magical capacity is low (-10% MP). [Ru sacrifice]
 14579 | Spider:2 | Reached skill level 1 in Axes
 14640 | Spider:2 | Got a transparent ring mail
 14651 | Spider:2 | Identified the +3 ring mail "Dock" {Regen+ rCorr} (You found it on level 2 of the Spider Nest)
 14681 | Spider:2 | Learned a level 3 spell: Teleport Other
 14928 | Spider:3 | Reached skill level 5 in Axes
 15146 | Spider:5 | Entered Level 5 of the Spider Nest
 15160 | Spider:5 | Noticed Aizul
 15173 | Spider:5 | Killed Aizul
 15487 | Spider:5 | Gained mutation: You are agile. (Dex +2) [mutagenic meat]
 15604 | Spider:5 | Reached XP level 17. HP: 108/110 MP: 15/15
 16539 | Spider:5 | Learned a level 1 spell: Apportation
 16543 | Spider:5 | Got a gossamer rune of Zot
 16833 | Lair:6   | Learned a level 2 spell: Stoneskin
 16960 | Lair:7   | Reached skill level 1 in Earth Magic
 17168 | Lair:7   | Found a labyrinth entrance.
 17180 | Lab      | Entered a labyrinth
 18678 | Lab      | Identified the Guide on Transmigration and the Rocks
 18767 | Lab      | Got a warped glaive
 18815 | Lab      | Identified the +5 glaive of the Red Skies {drain, +Rage} (You found it in a labyrinth)
 18854 | Lair:7   | Reached skill level 1 in Polearms
 19068 | Lair:8   | Entered Level 8 of the Lair of Beasts
 19544 | Lair:8   | Reached skill level 5 in Polearms
 19572 | Lair:8   | Identified the Volume of Fire and Battle Magic
 20575 | Slime:1  | Entered Level 1 of the Pits of Slime
 20591 | Slime:1  | Gained mutation: You are weak. (Str -2) [a shining eye]
 20599 | Slime:1  | Gained mutation: Armour fits poorly on your strangely shaped body. [a shining eye]
 20636 | Slime:1  | Gained mutation: Your body is slowly deteriorating. [a shining eye]
 20691 | Slime:1  | You fall through a shaft!
 20866 | Slime:3  | Gained mutation: You expend magic power (3 MP) to slightly strengthen your wands. [a shining eye]
 20871 | Slime:3  | Gained mutation: Your body is deteriorating. [a shining eye]
 20874 | Slime:3  | Gained mutation: You expend magic power (6 MP) to strengthen your wands. [a shining eye]
 20879 | Slime:3  | Gained mutation: Your spells are a little easier to cast, but a little less powerful. [a shining eye]
 20880 | Slime:3  | Gained mutation: You are frail (-10% HP). [a shining eye]
 20882 | Slime:3  | Gained mutation: You are very weak. (Str -4) [a shining eye]
 21017 | Slime:4  | Reached XP level 18. HP: 97/105 MP: 2/16
 21157 | Slime:5  | Reached skill level 15 in Shields
 21198 | Slime:6  | Entered Level 6 of the Pits of Slime
 21369 | Slime:6  | Blown up by an eye of devastation

Action                   |  1- 3 |  4- 6 |  7- 9 | 10-12 | 13-15 | 16-18 || total
-------------------------+-------+-------+-------+-------+-------+-------++-------
Melee: Flail             |    82 |    91 |   265 |  1015 |   526 |   658 ||  2637
       Unarmed           |       |       |       |       |   170 |       ||   170
       War axe           |       |       |       |       |       |   199 ||   199
       Glaive            |       |       |       |       |       |   190 ||   190
Throw: Javelin           |       |       |       |       |     3 |    13 ||    16
       Throwing net      |       |       |       |       |     1 |       ||     1
 Cast: Blink             |       |       |       |       |       |     6 ||     6
       Teleport Other    |       |       |       |       |       |     3 ||     3
       Stoneskin         |       |       |       |       |       |     3 ||     3
       Apportation       |       |       |       |       |       |     1 ||     1
Invok: Power Leap        |       |       |       |     8 |     4 |    16 ||    28
       Draw Out Power    |       |       |       |     2 |     4 |     3 ||     9
       Sacrifice Artific |       |       |       |     1 |       |       ||     1
       Sacrifice Experie |       |       |       |     1 |       |       ||     1
       Apocalypse        |       |       |       |     2 |     1 |     1 ||     4
       Sacrifice Purity  |       |       |       |     1 |       |       ||     1
       Sacrifice Love    |       |       |       |     1 |       |       ||     1
       Reject Sacrifices |       |       |       |     1 |       |       ||     1
       Sacrifice Arcana  |       |       |       |       |     1 |       ||     1
       Sacrifice Essence |       |       |       |       |       |     1 ||     1
 Abil: Fly               |       |       |       |       |     2 |     3 ||     5
       Stop Flying       |       |       |       |       |     2 |     3 ||     5
Evoke: Wand              |       |       |     1 |       |       |       ||     1
  Use: Scroll            |       |       |     6 |     6 |    11 |    10 ||    33
       Potion            |       |       |     1 |     5 |     6 |     2 ||    14
 Stab: Invisible         |       |       |       |     4 |     7 |    10 ||    21
       Distracted        |       |       |       |     5 |     1 |     4 ||    10
       Paralysed         |       |       |       |     3 |     7 |    11 ||    21
       Held in net/web   |       |       |       |       |       |     1 ||     1
  Eat: Chunk             |       |     1 |    11 |    26 |    19 |    24 ||    81
       Bread ration      |       |       |       |       |       |     2 ||     2
       Pizza             |       |       |       |       |       |     2 ||     2
